 Dungeon Crawl Stone Soup version 0.26.1-2-gb8aa6d0 (webtiles) character file.

Game seed: 16837488210130756027

779 GeorgeSoros the Covered (level 7, -2/47 HPs)
             Began as a Gnoll Wanderer on Feb 19, 2021.
             Was an Initiate of Hepliaklqana.
             Killed by nerve-wracking pain
             ... invoked by an orc priest
              (7 damage)
             ... on level 5 of the Dungeon.
             The game lasted 00:11:21 (5014 turns).

GeorgeSoros the Covered (Gnoll Wanderer)            Turns: 5014, Time: 00:11:22

Health: -2/47      AC: 12    Str: 15    XL:     7   Next: 85%
Magic:  10/11      EV:  8    Int: 18    God:    Hepliaklqana [......]
Gold:   153        SH:  5    Dex: 12    Spells: 10/11 levels left

rFire    . . .     SeeInvis .   a - +2 mace
rCold    . . .     Faith    .   c - +0 buckler
rNeg     . . .     Spirit   .   i - +2 chain mail {rPois}
rPois    +         Reflect  .   (no helmet)
rElec    .         Harm     .   (no cloak)
rCorr    .         Rampage  .   (no gloves)
Will     .....                  (no boots)
Stlth    ..........             (no amulet)
HPRegen  0.15/turn              (no ring)
MPRegen  0.12/turn              (no ring)

@: no status effects
A: distributed training, reduced essence, fangs 1, strong nose
a: Renounce Religion, Recall Ancestor, Ancestor Identity


You were on level 5 of the Dungeon.
You worshipped Hepliaklqana.
Hepliaklqana was noncommittal.
You visited 2 branches of the dungeon, and saw 6 of its levels.

You collected 153 gold pieces.

Inventory:

Hand Weapons
 a - a +2 mace (weapon)
Armour
 c - a +0 buckler (worn)
 i - a +2 chain mail of poison resistance (worn)
Scrolls
 d - 4 scrolls of teleportation
 k - a scroll of remove curse
Potions
 b - 2 potions of curing
 e - a potion of berserk rage {unknown}
 f - 2 potions of brilliance {unknown}
 g - a potion of might {unknown}
 h - a potion of degeneration {unknown}
 j - a potion of heal wounds {unknown}


   Skills:
 + Level 3.8 Fighting
 + Level 2.7 Short Blades
 + Level 2.7 Long Blades
 + Level 2.7 Axes
 + Level 3.8 Maces & Flails
 + Level 2.7 Polearms
 + Level 2.7 Staves
 + Level 2.7 Slings
 + Level 2.7 Bows
 + Level 2.7 Crossbows
 + Level 2.7 Throwing
 + Level 7.1 Armour
 + Level 2.7 Dodging
 + Level 2.7 Stealth
 + Level 5.4 Shields
 + Level 2.7 Unarmed Combat
 + Level 2.7 Spellcasting
 + Level 2.2 Conjurations
 + Level 2.2 Hexes
 + Level 3.1 Summonings
 + Level 2.2 Necromancy
 + Level 2.2 Translocations
 + Level 4.4 Transmutations
 + Level 2.2 Fire Magic
 + Level 2.2 Ice Magic
 + Level 2.2 Air Magic
 + Level 2.2 Earth Magic
 + Level 2.2 Poison Magic
 + Level 3.0 Invocations
 + Level 2.7 Evocations


You had 10 spell levels left.
You knew the following spells:

 Your Spells              Type           Power        Failure   Level
a - Apportation           Tloc           20%          69%         1

Your spell library contained the following spells:

 Spells                   Type           Power        Failure   Level
 Gell's Gravitas          Tloc           5%           96%         3


Dungeon Overview and Level Annotations

Branches:
Dungeon (5/15)             Temple (1/1) D:5

Altars:
Cheibriados
Dithmenos
Elyvilon
Hepliaklqana
Kikubaaqudgha
Nemelex Xobeh
Okawaru
Ru
Sif Muna
Trog
Uskayaw
Vehumet
Xom

Annotations:
D:4 2 runed translucent doors, Geeful's ghost, amateur OpFE; Menkaure; Sigmund


Innate Abilities, Weirdness & Mutations

Your experience applies equally to all skills.
You have very sharp teeth.
Your uncanny sense of smell can sniff out nearby items.
Your life essence is reduced to manifest your ancestor. (-10% HP)


Message History

Preben hits the phantom.
You sock the phantom!
You destroy the phantom!
The orc priest calls down the wrath of Beogh upon you.
Pain shoots through your body!
Your Invocations skill increases to level 3!
An orc comes into view. It is wielding a +0 hand axe.
The orc priest mumbles some strange prayers to Beogh against you.
Beogh smites you!
* * * LOW HITPOINT WARNING * * *
You see here a +0 club.
You hit the orc priest but do no damage.
Preben hits the orc priest.
You block the orc priest's attack.
The orc priest hits Preben with a +0 war axe of electrocution.
You closely miss the orc priest.
The orc priest is lightly wounded.
Preben barely misses the orc priest.
The orc priest invokes the aid of Beogh against you.
Pain shoots through your body!
You die...

#.....# #.#### #.....# #.
#....## #.....# #.
#...... #.....#
#.###...... #.....#
#..........
###.....####..8.8.8..
#####..............⌠.⌠..#
..................8.>.8.#
########@R.........⌠.⌠...
#o......#..8.8.8.#
...W..o.......#........#
..............##...#####
..............#...... #
..............#....[.. #
.......#+######.......##
....... ##+#+#####
.......


You could see the friendly Preben the ancestor, an orc priest and an orc.

Vanquished Creatures
  A phantom (D:5)
  A sky beast (D:5)
  An ogre (D:4)
  A hound (D:4)
  An orc priest (D:5)
  An iguana (D:4)
  Natasha (thrice) (D:2)
  2 orc wizards (D:3)
  4 worker ants
  A hound zombie (D:5)
  4 gnolls
  7 adders
  A worm (D:2)
  2 dart slugs
  5 leopard geckos
  12 orcs
  A ball python (D:4)
  6 bats
  6 giant cockroaches
  8 goblins
  3 hobgoblins
  5 jackals
  6 kobolds
  A quokka (D:5)
  4 frilled lizards
  A jackal skeleton (D:4)
  A quokka skeleton (D:4)
  11 rats
100 creatures vanquished.

Notes
Turn   | Place    | Note
-------+----------+-------------------------------------------
     0 | D:1      | GeorgeSoros the Gnoll Wanderer began the quest for the Orb.
     0 | D:1      | GeorgeSoros set off with the following items: a +2 mace, a
                  | +0 buckler, a +0 robe; and the following spell memorised:
                  | Apportation; and the following spells available to
                  | memorise: Gell's Gravitas
     0 | D:1      | Reached XP level 1. HP: 17/17 MP: 1/1
   328 | D:1      | Reached XP level 2. HP: 23/23 MP: 2/2
   405 | D:1      | Found a sparkling altar of Nemelex Xobeh.
   611 | D:1      | Reached XP level 3. HP: 22/28 MP: 3/3
   842 | D:1      | Reached skill level 1 in Invocations
  1353 | D:2      | Reached skill level 1 in Short Blades
  1353 | D:2      | Reached skill level 1 in Long Blades
  1353 | D:2      | Reached skill level 1 in Axes
  1353 | D:2      | Reached skill level 1 in Polearms
  1353 | D:2      | Reached skill level 1 in Staves
  1353 | D:2      | Reached skill level 1 in Slings
  1353 | D:2      | Reached skill level 1 in Bows
  1353 | D:2      | Reached skill level 1 in Crossbows
  1353 | D:2      | Reached skill level 1 in Throwing
  1353 | D:2      | Reached skill level 1 in Dodging
  1353 | D:2      | Reached skill level 1 in Stealth
  1353 | D:2      | Reached skill level 1 in Unarmed Combat
  1353 | D:2      | Reached skill level 1 in Spellcasting
  1353 | D:2      | Reached skill level 1 in Evocations
  1479 | D:2      | Noticed Natasha
  1488 | D:2      | Killed Natasha
  1489 | D:2      | Reached XP level 4. HP: 22/34 MP: 5/5
  1517 | D:2      | Reached skill level 1 in Conjurations
  1517 | D:2      | Reached skill level 1 in Hexes
  1517 | D:2      | Reached skill level 1 in Necromancy
  1517 | D:2      | Reached skill level 1 in Translocations
  1517 | D:2      | Reached skill level 1 in Fire Magic
  1517 | D:2      | Reached skill level 1 in Ice Magic
  1517 | D:2      | Reached skill level 1 in Air Magic
  1517 | D:2      | Reached skill level 1 in Earth Magic
  1517 | D:2      | Reached skill level 1 in Poison Magic
  1552 | D:2      | Noticed Natasha
  1564 | D:2      | Killed Natasha
  1569 | D:2      | Reached XP level 5. HP: 14/40 MP: 6/6
  2059 | D:2      | Noticed Natasha
  2068 | D:2      | Killed Natasha
  2530 | D:3      | Reached XP level 6. HP: 29/47 MP: 8/8
  3299 | D:4      | Reached skill level 5 in Shields
  3487 | D:4      | Found a runed translucent door.
  3491 | D:4      | Noticed Geeful's ghost (amateur OpFE)
  3550 | D:4      | Noticed Sigmund
  3551 | D:4      | Noticed Menkaure
  3863 | D:4      | Found a runed translucent door.
  4107 | D:4      | Reached skill level 7 in Armour
  4107 | D:4      | Reached XP level 7. HP: 47/52 MP: 10/10
  4551 | D:5      | Entered Level 5 of the Dungeon
  4905 | D:5      | Found a staircase to the Ecumenical Temple.
  4953 | Temple   | Entered the Ecumenical Temple
  4961 | Temple   | Became a worshipper of Hepliaklqana the Forgotten
  5014 | D:5      | Killed from afar by an orc priest

Illustrated notes

Levels and vault maps discovered:
D:1:      mrwooster_arrival_statue, layout_basic, minmay_misc_feat_rows,
          nemelex_diamond_rough_becter
D:2:      layout_loops_ring, uniq_natasha
D:3:      layout_basic
D:4:      layout_basic, ebering_ghost_sewer_f, uniq_menkaure, uniq_sigmund
D:5:      layout_basic, minmay_temple_entry_statues_fountains
Temple:   nicolae_temple_x_marks_the_god

Skill      XL: |  1  2  3  4  5  6  7 |
---------------+----------------------+-----
Summonings     | 2 3 |  3.1
Invocations    | 1 2 3 |  3.0
Short Blades   | 1 2 |  2.7
Long Blades    | 1 2 |  2.7
Axes           | 1 2 |  2.7
Polearms       | 1 2 |  2.7
Staves         | 1 2 |  2.7
Slings         | 1 2 |  2.7
Bows           | 1 2 |  2.7
Crossbows      | 1 2 |  2.7
Throwing       | 1 2 |  2.7
Dodging        | 1 2 |  2.7
Stealth        | 1 2 |  2.7
Unarmed Combat | 1 2 |  2.7
Spellcasting   | 1 2 |  2.7
Evocations     | 1 2 |  2.7
Conjurations   | 1 2 |  2.2
Hexes          | 1 2 |  2.2
Necromancy     | 1 2 |  2.2
Translocations | 1 2 |  2.2
Fire Magic     | 1 2 |  2.2
Ice Magic      | 1 2 |  2.2
Air Magic      | 1 2 |  2.2
Earth Magic    | 1 2 |  2.2
Poison Magic   | 1 2 |  2.2
Fighting       | 3 |  3.8
Maces & Flails | 3 |  3.8
Transmutations | 4 |  4.4
Shields        | 5 |  5.4
Armour         | 7 |  7.1

Action                   |  1- 3 |  4- 6 |  7- 9 || total
-------------------------+-------+-------+-------++-------
Melee: Mace              |   105 |   224 |    77 ||   406
       Bite              |     8 |    20 |     7 ||    35
  Use: Scroll            |     4 |     2 |     1 ||     7
 Stab: Sleeping          |     4 |       |       ||     4
Armor: Robe              |    15 |       |       ||    15
       Chain mail        |    11 |   149 |    37 ||   197
       Ring mail         |    10 |       |       ||    10
Dodge: Dodged            |    55 |    83 |    19 ||   157
Block: Buckler           |    13 |    59 |    17 ||    89
